 Dungeon Crawl Stone Soup version 0.31-a0-175-g9f7f995f2b (webtiles) character file.

Game seed: 13607451954493590607

1048 qw the Skirmisher (level 8, 0/64 (72) HPs)
             Began as a Naga Hunter on June 16, 2023.
             Was an Initiate of Okawaru.
             Slain by a wight
             ... wielding a +2 great sword of protection
              (9 damage)
             ... on level 6 of the Dungeon.
             The game lasted 00:01:47 (5138 turns).

qw the Skirmisher (Naga Hunter)                     Turns: 5138, Time: 00:01:47

HP:   0/64 (72)     AC:  9    Str: 19    XL:     8   Next: 25%
MP:   8/8           EV: 11    Int:  9    God:    Okawaru [......]
Gold: 266           SH:  0    Dex: 24    Spells: 7/7 levels left

rFire   . . .        Y - +0 shortbow
rCold   . . .        (shield currently unavailable)
rNeg    . . .        o - +3 leather armour
rPois   +            k - +0 helmet
rElec   .            h - +0 cloak
rCorr   .            (no gloves)
SInv    +            (no barding)
Will    +....        i - amulet of the acrobat
Stlth   ++           b - +6 ring of dexterity
HPRegen 0.30/turn    l - +6 ring of strength
MPRegen 0.11/turn

%: acrobat
@: about to teleport, heavily drained, very slow
A: AC +2, large, see invisible, deformed body, poison resistance, slowness 2,
spit poison 1, naga tail 1
a: Spit Poison, Renounce Religion


You were on level 6 of the Dungeon.
You worshipped Okawaru.
Okawaru was noncommittal.
You visited 2 branches of the dungeon, and saw 7 of its levels.

You collected 318 gold pieces.
You spent 52 gold pieces at shops.


Innate Abilities, Weirdness & Mutations

Your serpentine skin is tough. (AC +2)
You have supernaturally acute eyesight. (SInv)
Armour fits poorly on your strangely shaped body.
Your system is resistant to poisons. (rPois)
You cover ground very slowly.
You can spit poison.
You have a snake-like lower body.


   Skills:
 + Level 4.0 Fighting
 - Level 8.0 Ranged Weapons
 - Level 1.4 Armour
 - Level 3.0 Dodging
 - Level 1.5 Stealth


You had 7 spell levels left.
You didn't know any spells.
Your spell library was empty.

Inventory:

Hand Weapons
 Y - a +0 shortbow (weapon)
Armour
 h - a +0 cloak (worn)
 k - a +0 helmet (worn)
 o - a +3 leather armour (worn)
Jewellery
 b - a +6 ring of dexterity (left hand)
 i - an amulet of the acrobat (around neck)
 l - a +6 ring of strength (right hand)
Scrolls
 a - a scroll of identify
Potions
 c - a potion of magic
 d - a potion of heal wounds
 e - a potion of cancellation
 g - a potion of might
 m - 2 potions of resistance

Dungeon Overview and Level Annotations

Branches:
Dungeon (6/15)             Temple (1/1) D:6

Altars:
Dithmenos
Elyvilon
Fedhas
Gozag
Hepliaklqana
Kikubaaqudgha
Makhleb
Nemelex Xobeh
Okawaru
Qazlal
Ru
Sif Muna
Trog
Uskayaw
Vehumet
Wu Jian
Xom
Yredelemnul
Zin
The Shining One

Shops:
D:2 *   D:5 (


Message History

The wight closely misses you.
You shoot an arrow. The arrow closely misses the wight.
The wight hits you with a +2 great sword of protection.
You feel drained.
You shoot an arrow. The arrow completely misses the wight.
The wight hits you with a +2 great sword of protection.
You shoot an arrow.
The arrow hits the wight but does no damage.
The wight is lightly damaged.
The wight hits you with a +2 great sword of protection!
You feel drained.
You shoot an arrow. The arrow hits the wight.
The wight is heavily damaged.
The wight hits you with a +2 great sword of protection!
You shoot an arrow. The arrow hits the wight.
The wight is almost destroyed.
The wight closely misses you.
You shoot an arrow. The arrow closely misses the wight.
The wight hits you with a +2 great sword of protection.
You shoot an arrow.
The arrow hits the wight but does no damage.
The wight is severely damaged.
The wight hits you with a +2 great sword of protection!
You feel drained.
You shoot an arrow. The arrow closely misses the wight.
The wight hits you with a +2 great sword of protection.
You shoot an arrow. The arrow closely misses the wight.
The wight hits you but does no damage.
You shoot an arrow. The arrow closely misses the wight.
The wight barely misses you.
You shoot an arrow.
The arrow hits the wight but does no damage.
The wight is severely damaged.
The wight hits you with a +2 great sword of protection!
You feel drained.
5138 ||| READING scroll of teleportation.
As you read the scroll of teleportation, it crumbles to dust.
You feel strangely unstable.
The wight hits you with a +2 great sword of protection!
You die...

.<..# ... ... ... #
#.# # #)# # #z# # #@#
# #.# # ###.#### #
#......# #
###########......#
####.......!.#......#
.............#......#
####.........#......#
#.........#......#


You could see a wight.

Vanquished Creatures
  An ice beast (D:5)
  A black bear (D:5)
  A sky beast (D:6)
  Blork the orc (D:6)
  2 scorpions (D:5)
  A wight (D:6)
  3 hounds
  3 orc priests
  3 jellies
  2 iguanas
  2 orc wizards (D:5)
  6 gnolls
  2 adders
  A white imp (D:5)
  2 dart slugs
  12 orcs
  7 ball pythons
  13 endoplasms
  A giant cockroach (D:3)
  7 goblins
  6 hobgoblins
  6 quokkas
  3 bats
  4 frilled lizards
  3 kobolds
  4 rats
97 creatures vanquished.

Notes
Turn   | Place    | Note
-------+----------+-------------------------------------------
     0 | D:1      | qw the Naga Hunter began the quest for the Orb.
     0 | D:1      | Reached XP level 1. HP: 19/19 MP: 1/1
     0 | D:1      | 0 ||| qw: Version: 0.2-a-29-g511e9b1
     0 | D:1      | 0 ||| qw: Game counter: 77
     0 | D:1      | 0 ||| qw: Always use a shield: true
     0 | D:1      | 0 ||| qw: God list: Okawaru
     0 | D:1      | 0 ||| qw: Allow faded altars: false
     0 | D:1      | 0 ||| qw: Do Orc after D:15 true
     0 | D:1      | 0 ||| qw: Do second Lair branch before Depths: true
     0 | D:1      | 0 ||| qw: Lair rune preference: random
     0 | D:1      | 0 ||| qw: Plans: Normal
     0 | D:1      | 0 ||| PLANNING D:1-11
     9 | D:1      | 9 ||| INVOKING Spit Poison.
    17 | D:1      | 17 ||| INVOKING Spit Poison.
    55 | D:1      | 55 ||| INVOKING Spit Poison.
    59 | D:1      | Reached skill level 4 in Ranged Weapons
    59 | D:1      | Reached XP level 2. HP: 26/26 MP: 2/2
    65 | D:1      | 65 ||| INVOKING Spit Poison.
   122 | D:1      | 122 ||| INVOKING Spit Poison.
   128 | D:1      | 128 ||| INVOKING Spit Poison.
   132 | D:1      | 132 ||| INVOKING Spit Poison.
   135 | D:1      | 135 ||| INVOKING Spit Poison.
   141 | D:1      | 141 ||| INVOKING Spit Poison.
   229 | D:1      | 229 ||| INVOKING Spit Poison.
   268 | D:1      | 268 ||| INVOKING Spit Poison.
   276 | D:1      | 276 ||| INVOKING Spit Poison.
   303 | D:1      | 303 ||| INVOKING Spit Poison.
   304 | D:1      | Reached XP level 3. HP: 32/32 MP: 3/3
   348 | D:1      | 348 ||| INVOKING Spit Poison.
   459 | D:1      | 459 ||| INVOKING Spit Poison.
   523 | D:1      | 523 ||| DROPPING scroll of butterflies.
   534 | D:2      | 534 ||| INVOKING Spit Poison.
   536 | D:2      | Found a hide-covered altar of Uskayaw.
   564 | D:2      | 564 ||| INVOKING Spit Poison.
   595 | D:2      | Found Ehouto's Assorted Antiques.
   604 | D:2      | 604 ||| SHOPLISTING glowing diamond ring (130 gold, have
                  | 68).
   604 | D:2      | 604 ||| BUYING scroll labelled AXZATY UDUT (26 gold).
   604 | D:2      | Bought a scroll labelled AXZATY UDUT for 26 gold pieces
   604 | D:2      | 604 ||| BUYING scroll labelled FORESA HARCHU (26 gold).
   604 | D:2      | Bought a scroll labelled FORESA HARCHU for 26 gold pieces
   604 | D:2      | 604 ||| SHOPLISTING scroll labelled ONETEYH GEROCKEX (26
                  | gold, have 16).
   634 | D:2      | 634 ||| INVOKING Spit Poison.
   680 | D:2      | 680 ||| INVOKING Spit Poison.
   838 | D:2      | 838 ||| INVOKING Spit Poison.
   885 | D:2      | Identified the +1 robe "Weusa" {rN+}
   952 | D:2      | 952 ||| INVOKING Spit Poison.
   959 | D:2      | 959 ||| INVOKING Spit Poison.
   975 | D:2      | 975 ||| INVOKING Spit Poison.
   980 | D:2      | Reached skill level 5 in Ranged Weapons
   980 | D:2      | Reached XP level 4. HP: 39/39 MP: 4/4
   981 | D:2      | 981 ||| INVOKING Spit Poison.
   984 | D:2      | 984 ||| INVOKING Spit Poison.
   989 | D:2      | 989 ||| INVOKING Spit Poison.
  1244 | D:2      | 1244 ||| INVOKING Spit Poison.
  1319 | D:2      | 1319 ||| UPGRADING to +1 robe "Weusa" {rN+}.
  1329 | D:2      | 1329 ||| DROPPING +0 leather armour.
  1330 | D:2      | 1330 ||| UPGRADING to +0 helmet.
  1335 | D:2      | 1335 ||| UPGRADING to +6 ring of dexterity.
  1336 | D:2      | 1336 ||| READING 3 scrolls labelled AXZATY UDUT.
  1337 | D:2      | 1337 ||| READING scroll labelled FORESA HARCHU.
  1338 | D:2      | 1338 ||| READING 2 scrolls of identify.
  1338 | D:2      | 1338 ||| IDENTIFYING amethyst potion
  1390 | D:3      | 1390 ||| INVOKING Spit Poison.
  1435 | D:3      | Identified the +1 robe "Forget-Me-Not" {rN+ Will+}
  1536 | D:3      | 1536 ||| INVOKING Spit Poison.
  1542 | D:3      | 1542 ||| UPGRADING to +1 robe "Forget-Me-Not" {rN+ Will+}.
  1552 | D:3      | 1552 ||| DROPPING +1 robe "Weusa" {rN+}.
  1581 | D:3      | 1581 ||| INVOKING Spit Poison.
  1614 | D:3      | 1614 ||| INVOKING Spit Poison.
  1629 | D:3      | 1629 ||| INVOKING Spit Poison.
  1668 | D:3      | 1668 ||| UPGRADING to +6 ring of strength.
  1669 | D:3      | 1669 ||| READING scroll labelled ESEFRA CESU.
  1697 | D:3      | 1697 ||| READING scroll labelled YWESIT CAFF.
  1698 | D:3      | 1698 ||| READING 4 scrolls of identify.
  1698 | D:3      | 1698 ||| IDENTIFYING glowing clear potion
  1699 | D:3      | 1699 ||| READING 3 scrolls of identify.
  1699 | D:3      | 1699 ||| IDENTIFYING metallic green potion
  1700 | D:3      | 1700 ||| READING 2 scrolls of identify.
  1700 | D:3      | 1700 ||| IDENTIFYING sedimented puce potion
  1701 | D:3      | 1701 ||| DROPPING potion of brilliance.
  1702 | D:3      | 1702 ||| DROPPING potion of enlightenment.
  1755 | D:3      | 1755 ||| INVOKING Spit Poison.
  1765 | D:3      | 1765 ||| INVOKING Spit Poison.
  1768 | D:3      | 1768 ||| INVOKING Spit Poison.
  1832 | D:3      | 1832 ||| INVOKING Spit Poison.
  1965 | D:3      | 1965 ||| INVOKING Spit Poison.
  1971 | D:3      | 1971 ||| INVOKING Spit Poison.
  1976 | D:3      | Reached skill level 3 in Fighting
  1976 | D:3      | Reached XP level 5. HP: 27/49 MP: 5/5
  2205 | D:3      | 2205 ||| READING scroll labelled EQYTZYOGIO.
  2306 | D:3      | 2306 ||| DRINKING 2 bubbling golden potions.
  2411 | D:3      | 2411 ||| READING 2 scrolls of identify.
  2411 | D:3      | 2411 ||| IDENTIFYING inky potion
  2412 | D:3      | 2412 ||| DROPPING potion of berserk rage.
  2440 | D:4      | 2440 ||| INVOKING Spit Poison.
  2445 | D:4      | 2445 ||| INVOKING Spit Poison.
  2498 | D:4      | 2498 ||| INVOKING Spit Poison.
  2504 | D:4      | 2504 ||| INVOKING Spit Poison.
  2512 | D:4      | 2512 ||| INVOKING Spit Poison.
  2585 | D:4      | 2585 ||| INVOKING Spit Poison.
  2604 | D:4      | 2604 ||| INVOKING Spit Poison.
  2609 | D:4      | 2609 ||| INVOKING Spit Poison.
  2710 | D:4      | 2710 ||| INVOKING Spit Poison.
  2717 | D:4      | 2717 ||| INVOKING Spit Poison.
  2724 | D:4      | 2724 ||| INVOKING Spit Poison.
  2956 | D:4      | 2956 ||| UPGRADING to amulet of the acrobat.
  2961 | D:4      | 2961 ||| READING scroll labelled FOXOIL WEISCH.
  2962 | D:4      | 2962 ||| DRINKING 3 fizzy green potions.
  2963 | D:4      | 2963 ||| DROPPING scroll of summoning.
  2990 | D:5      | Entered Level 5 of the Dungeon
  3048 | D:5      | 3048 ||| INVOKING Spit Poison.
  3052 | D:5      | 3052 ||| INVOKING Spit Poison.
  3053 | D:5      | Reached XP level 6. HP: 45/56 MP: 6/6
  3124 | D:5      | Found a bloodstained altar of Trog.
  3295 | D:5      | 3295 ||| Stepping ~*~*~tactically~*~*~ (outnumbered).
  3297 | D:5      | 3297 ||| Stepping ~*~*~tactically~*~*~ (outnumbered).
  3298 | D:5      | 3298 ||| INVOKING Spit Poison.
  3299 | D:5      | Reached skill level 6 in Ranged Weapons
  3302 | D:5      | 3302 ||| INVOKING Spit Poison.
  3308 | D:5      | 3308 ||| INVOKING Spit Poison.
  3311 | D:5      | 3311 ||| INVOKING Spit Poison.
  3338 | D:5      | 3338 ||| INVOKING Spit Poison.
  3386 | D:5      | 3386 ||| INVOKING Spit Poison.
  3389 | D:5      | 3389 ||| INVOKING Spit Poison.
  3392 | D:5      | 3392 ||| INVOKING Spit Poison.
  3396 | D:5      | 3396 ||| INVOKING Spit Poison.
  3402 | D:5      | 3402 ||| INVOKING Spit Poison.
  3409 | D:5      | 3409 ||| INVOKING Spit Poison.
  3410 | D:5      | Reached XP level 7. HP: 17/64 MP: 7/7
  3618 | D:5      | 3618 ||| INVOKING Spit Poison.
  3625 | D:5      | 3625 ||| INVOKING Spit Poison.
  3753 | D:5      | Found Pafaff's Hydra Hut.
  3757 | D:5      | Noticed a five-headed hydra
  3761 | D:5      | 3761 ||| SHOPLISTING +2 hand crossbow of freezing (256
                  | gold, have 223).
  3846 | D:5      | Reached skill level 7 in Ranged Weapons
  3979 | D:5      | 3979 ||| INVOKING Spit Poison.
  4190 | D:5      | 4190 ||| UPGRADING to +0 cloak.
  4195 | D:5      | 4195 ||| READING 4 scrolls of identify.
  4195 | D:5      | 4195 ||| IDENTIFYING yellow potion
  4196 | D:5      | 4196 ||| READING 3 scrolls of identify.
  4196 | D:5      | 4196 ||| IDENTIFYING lumpy orange potion
  4197 | D:5      | 4197 ||| READING 2 scrolls of identify.
  4197 | D:5      | 4197 ||| IDENTIFYING fuming pink potion
  4198 | D:5      | 4198 ||| DROPPING potion of invisibility.
  4199 | D:5      | 4199 ||| DROPPING potion of magic.
  4200 | D:5      | 4200 ||| DROPPING potion of lignification.
  4313 | D:6      | 4313 ||| INVOKING Spit Poison.
  4319 | D:6      | 4319 ||| INVOKING Spit Poison.
  4326 | D:6      | 4326 ||| INVOKING Spit Poison.
  4327 | D:6      | Reached skill level 3 in Dodging
  4373 | D:6      | Noticed Blork the orc
  4376 | D:6      | 4376 ||| INVOKING Spit Poison.
  4382 | D:6      | 4382 ||| INVOKING Spit Poison.
  4383 | D:6      | Killed Blork the orc
  4423 | D:6      | 4423 ||| INVOKING Spit Poison.
  4431 | D:6      | Reached XP level 8. HP: 72/72 MP: 8/8
  4443 | D:6      | 4443 ||| INVOKING Spit Poison.
  4447 | D:6      | 4447 ||| INVOKING Spit Poison.
  4569 | D:6      | 4569 ||| INVOKING Spit Poison.
  4575 | D:6      | 4575 ||| INVOKING Spit Poison.
  4580 | D:6      | 4580 ||| INVOKING Spit Poison.
  4583 | D:6      | 4583 ||| INVOKING Spit Poison.
  4793 | D:6      | Found a staircase to the Ecumenical Temple.
  4794 | D:6      | 4794 ||| PLANNING TEMPLE
  4794 | D:6      | 4794 ||| UPGRADING to +3 leather armour.
  4804 | D:6      | 4804 ||| DROPPING +1 robe "Forget-Me-Not" {rN+ Will+}.
  4805 | D:6      | 4805 ||| READING 2 scrolls labelled JENIRR WAGRUNU.
  4806 | D:6      | 4806 ||| READING scroll labelled ENAGAIWNULL.
  4807 | D:6      | 4807 ||| READING scroll labelled KACIAMANOMP.
  4808 | D:6      | 4808 ||| READING 2 scrolls of identify.
  4808 | D:6      | 4808 ||| IDENTIFYING white potion
  4809 | D:6      | 4809 ||| DROPPING potion of degeneration.
  4810 | D:6      | 4810 ||| DROPPING scroll of blinking.
  4819 | Temple   | Entered the Ecumenical Temple
  4878 | Temple   | 4878 ||| PLANNING OKAWARU WORSHIP
  5014 | Temple   | Became a worshipper of Warmaster Okawaru
  5015 | Temple   | 5015 ||| PLANNING D:1-11
  5098 | D:6      | 5098 ||| INVOKING Spit Poison.
  5101 | D:6      | 5101 ||| INVOKING Spit Poison.
  5104 | D:6      | Reached skill level 1 in Armour
  5122 | D:6      | Reached skill level 8 in Ranged Weapons
  5137 | D:6      | HP: 11/66 [wight/+2 great sword of protection (9)]
  5138 | D:6      | 5138 ||| READING scroll of teleportation.
  5138 | D:6      | Slain by a wight

Levels and vault maps discovered:
D:1:      minmay_arrival_solitary_statue, layout_rooms
D:2:      layout_loops_ring, serial_shops, shop, basic_altar,
          roderic_roman_lattice
D:3:      layout_loops_cross, serial_co_window_serial, co_window_paths_b,
          co_window_cross_1, co_window_paths_b, co_window_of_opportunity_a,
          co_window_paths_a, co_window_corner_cb, co_window_corner_b,
          co_window_cross_2, co_window_broadway_a, co_window_corner_b,
          glass_columns_c, glass_columns_b, glass_columns_a, glass_columns_a
D:4:      layout_rooms
D:5:      minmay_general_purpose_star, layout_loops_ring,
          general_overflow_altar, doesnt_shop_hydraphobe
D:6:      layout_basic, lemuel_temple_firewalk_b, minmay_misc_feat_iff,
          uniq_blork_the_orc
Temple:   nicolae_temple_bog_church

Skill      XL: |  1  2  3  4  5  6  7  8 |
---------------+-------------------------+-----
Ranged Weapons | 4 5 6 7 8 |  8.0
Fighting       | 3 4 |  4.0
Dodging        | 2 3 |  3.0
Armour         | 1 |  1.4
Stealth        | |  1.5

Action                     |  1- 3 |  4- 6 |  7- 9 || total
---------------------------+-------+-------+-------++-------
   Fire: Shortbow          |    72 |   113 |   116 ||   301
Ability: Spit Poison       |    23 |    39 |    17 ||    79
    Use: Scroll            |       |    11 |     8 ||    19
         Potion            |       |     2 |       ||     2
 Armour: Leather armour    |     6 |       |     2 ||     8
         Robe              |       |    29 |    16 ||    45
  Dodge: Dodged            |    12 |    54 |    34 ||   100

Table legend:
 A = Non-vault XP
 B = Vault XP
 C = Vault XP percentage of total XP
 D = Non-vault monster count
 E = Vault monster count
 F = Vault count percentage of total count
                 A         B        C        D         E       F
            +---------+---------+-------+---------+---------+-------
      Total |    1267 |     231 |  15.4 |      91 |       6 |   6.2
            +---------+---------+-------+---------+---------+-------
        D:1 |      40 |       0 |   0.0 |      22 |       0 |   0.0
        D:2 |      73 |       0 |   0.0 |      22 |       0 |   0.0
        D:3 |      61 |       0 |   0.0 |      12 |       0 |   0.0
        D:4 |     141 |       0 |   0.0 |      11 |       0 |   0.0
        D:5 |     557 |     141 |  20.2 |      11 |       5 |  31.2
        D:6 |     395 |      90 |  18.6 |      13 |       1 |   7.1
            +---------+---------+-------+---------+---------+-------
